cohdb
Replays
Latest Replays
All Replays
Popular Replays
Top Player Replays
Match Explorer
How It Works
Community
CoH3 Stats
Reddit
Sign in to upload your games and track your stats! →
Sign in with Steam
Match 45533346
Unlisted
Match 45533346
Overview
Messages
Build Orders
End
Pioneer Squad
Construct Infanterie Kompanie
MG 42 Machine Gun Team
Grenadier Squad
Grenadier Squad
MG 42 Machine Gun Team
Infanterie Officer Quarters
Grenadier Squad
Selects Mechanized Battlegroup
Selects Raid Package
Grenadier Squad
Construct Panzergrenadier Kompanie
Selects Mobile Repair Stations
Selects 8 Rad Armored Car
8 Rad Armored Car
8 Rad Armored Car
8 Rad Armored Car
Mael Radec
rocketpossum
0
0
Comments
sign in to comment!
No comments posted yet!